Map: Torches LE

Players

Razor - Winner!

  • Race: Zerg Zerg
  • League: Master
  • Spawn Location: 1:00

Etherodox

  • Race: Terran Terran
  • League: Master
  • Spawn Location: 5:00

VOD

Have the link to the VOD?

Description

Time

  • Played on: Sept. 7, 2025, 6:26 a.m.
  • Length: 10:00
Show
View Real Time Build Order
Export as new Build Order

Razor Zerg - Winner!

Build Orders: Hatch First 

Get SALT Encoding   

  12  0:00  Drone  
  13  0:12  Overlord  
  13  0:17  Drone  
  14  0:31  Drone  
  14  0:32  Drone  
  16  0:51  Hatchery, Drone  
  16  0:55  Drone  
  17  1:01  Drone  
  18  1:12  Extractor  
  18  1:17  Spawning Pool  
  16  1:20  Drone  
  16  1:23  Drone  
  18  1:28  Drone  
  19  1:40  Drone  
  20  1:49  Overlord  
  20  2:03  Queen  
  20  2:04  Queen  
  20  2:05  Zergling x2  
  20  2:08  Zergling x2  
  26  2:18  Drone x2  
  26  2:20  Metabolic Boost  
  28  2:23  Drone  
  29  2:30  Zergling x2  
  30  2:38  Drone x2  
  32  2:47  Drone  
  32  2:48  Drone  
  34  2:54  Overlord  
  34  2:59  Extractor  
  34  3:01  Drone  
  34  3:04  Drone  
  36  3:12  Drone  
  36  3:18  Drone  
  36  3:19  Drone x5  
  42  3:28  Overlord  
  42  3:43  Drone x2  
  42  3:44  Overlord  
  43  4:02  Extractor x2  
  41  4:11  Lair  
  41  4:13  Extractor  
  41  4:14  Hatchery  
  39  4:18  Extractor  
  39  4:19  Roach Warren  
  39  4:21  Evolution Chamber  
  39  4:22  Drone x7  
  39  4:23  Evolution Chamber  
  42  4:33  Drone x4  
  42  4:34  Drone x2  
  48  4:41  Queen  
  48  4:44  Drone x2  
  52  4:49  Zerg Missile Weapons Level 1  
  52  4:52  Zerg Ground Armor Level 1  
  52  5:01  Roach x3  
  58  5:11  Spine Crawler  
  55  5:29  Queen  
  57  5:52  Overlord x3  
  57  5:53  Drone x5  
  57  5:54  Overlord x2, Drone x3  
  57  5:55  Overlord  
  65  6:10  Spine Crawler  
  64  6:15  Drone  
  64  6:16  Drone x10  
  75  6:24  Overseer  
  75  6:25  Overseer  
  75  6:28  Drone  
  75  6:29  Drone x2  
  78  6:44  Roach  
  78  6:45  Roach x8  
  78  6:46  Zergling x4  
  98  6:52  Spire  
  97  7:07  Ravager  
  97  7:08  Ravager x4  
  102  7:09  Roach x2  
  102  7:10  Roach x3  
  112  7:17  Ravager  
  112  7:18  Overlord  
  112  7:19  Overlord  
  109  7:29  Drone  
  104  7:30  Drone x9  
  104  7:31  Overlord  
  113  7:43  Spore Crawler  
  112  7:44  Spore Crawler  
  110  7:58  Spore Crawler  
  110  8:00  Spore Crawler  
  110  8:02  Spore Crawler  
  107  8:07  Mutalisk x4  
  107  8:09  Roach x3  
  107  8:12  Ravager  
  122  8:15  Overlord x2  
  122  8:21  Overlord x3  
  120  8:43  Ravager  
  120  8:44  Ravager x7  
  120  8:46  Roach  
  120  8:47  Roach x11  
  152  9:08  Roach, Overlord x4  
  154  9:15  Roach x4  
  145  9:38  Roach x3  
  145  9:39  Roach x14  
Show
View Real Time Build Order
Export as new Build Order

Etherodox Terran 

Build Orders: Reaper Expand, Mech 

Get SALT Encoding   

  12  0:03  SCV  
  13  0:15  SCV  
  13  0:18  Supply Depot  
  14  0:27  SCV  
  15  0:40  SCV, Barracks  
  16  0:52  SCV  
  16  0:54  Refinery  
  18  1:04  SCV  
  18  1:16  SCV  
  19  1:34  Command Center  
  19  1:36  Reaper  
  20  1:44  Orbital Command  
  20  1:52  Supply Depot  
  20  2:11  SCV  
  21  2:22  Factory  
  21  2:23  Marine  
  21  2:28  SCV  
  23  2:30  Refinery  
  23  2:40  SCV  
  23  2:52  SCV  
  23  2:54  Barracks Reactor  
  23  2:55  Orbital Command  
  24  2:58  Supply Depot  
  24  3:04  SCV  
  25  3:16  SCV  
  25  3:17  Starport  
  26  3:22  Supply Depot, SCV  
  27  3:28  SCV  
  28  3:34  SCV  
  29  3:46  Supply Depot  
  29  3:47  Supply Depot  
  28  3:52  SCV  
  33  3:56  Widow Mine  
  33  3:57  Widow Mine  
  33  3:58  SCV  
  34  4:04  SCV  
  35  4:14  SCV, Viking  
  35  4:16  SCV  
  39  4:20  Hellion x2  
  39  4:21  Barracks Tech Lab  
  43  4:26  SCV  
  43  4:28  SCV  
  45  4:32  Factory  
  45  4:38  SCV  
  46  4:40  SCV  
  46  4:42  Hellion x2  
  51  4:48  Stimpack, Marine  
  51  4:49  Starport Reactor  
  51  4:51  SCV  
  53  4:55  SCV  
  54  5:03  SCV, Hellion x2  
  54  5:04  Armory  
  59  5:07  SCV  
  60  5:33  SCV x2  
  62  5:39  Supply Depot  
  62  5:40  Supply Depot  
  62  5:43  Armory  
  62  5:45  SCV x2, Engineering Bay  
  62  5:48  Refinery  
  64  5:50  Refinery, Factory Tech Lab  
  64  5:56  Factory  
  66  5:57  SCV x2, Hellion x2  
  70  6:09  SCV x2  
  76  6:13  Liberator x2  
  76  6:15  Terran Vehicle Weapons Level 1  
  78  6:21  SCV  
  79  6:31  Command Center  
  79  6:37  SCV x2  
  79  6:38  Siege Tank  
  84  6:47  Factory  
  84  6:52  Supply Depot, Terran Infantry Weapons Level 1  
  84  6:53  Supply Depot, Terran Vehicle And Ship Armor Level 1  
  84  6:54  Supply Depot  
  84  7:01  Factory  
  84  7:03  Factory Tech Lab  
  84  7:20  Refinery  
  82  7:23  SCV x2  
  75  7:35  SCV  
  75  7:36  SCV  
  73  7:48  SCV x2  
  72  7:56  Siege Tank x2  
  78  8:00  SCV x2  
  80  8:08  Factory Tech Lab  
  80  8:09  Factory Tech Lab  
  80  8:12  SCV x2  
  82  8:15  Factory  
  82  8:16  Factory  
  82  8:24  SCV  
  83  8:28  Siege Tank  
  85  8:52  Missile Turret  
  85  8:53  Missile Turret  
  85  8:57  Missile Turret  
  85  9:01  Missile Turret  
  85  9:03  Missile Turret  
  85  9:04  Widow Mine x2  
  89  9:11  Siege Tank  
  89  9:15  Siege Tank  
  85  9:25  Widow Mine  
Tags
 
Composition
Mech
Matchup
TvZ
Spawn Locations
Close Positions
Add a new tag
Caveats
  • Supply blocks, unpowered buildings, or Contaminate may cause inaccurate times.
  • Supply counts are checked every 10 seconds.